 Dungeon Crawl Stone Soup version 0.26-a0-651-gb41185065b (webtiles) character file.

Game seed: 4543957647212633283

26318 Flugslaktarn the Cleaver (level 12, -4/120 HPs)
             Began as a Deep Dwarf Fighter on Oct 19, 2020.
             Was a Priest of Makhleb.
             Slain by a cyclops (18 damage)
             ... on level 15 of the Dungeon.
             The game lasted 00:07:55 (9886 turns).

Flugslaktarn the Cleaver (Deep Dwarf Fighter)       Turns: 9886, Time: 00:07:55

Health: -4/120     AC: 21    Str: 21    XL:     12   Next: 97%
Magic:  0/0        EV:  9    Int:  9    God:    Makhleb [***...]
Gold:   801        SH: 10    Dex: 16    Spells: 11/11 levels left

rFire    . . .     SeeInvis +   a - +1 war axe
rCold    + . .     Faith    .   z - +0 kite shield
rNeg     . . .     Spirit   .   p - +0 plate armour
rPois    .         Reflect  .   y - +1 hat {SInv}
rElec    .         Harm     .   j - +1 cloak
rCorr    .         Rampage  .   (no gloves)
MR       +....                  e - +2 pair of boots
Stlth    ..........             (no amulet)
HPRegen  0.00/turn              c - ring of protection from cold
MPRegen  0.07/turn              (no ring)

@: non-regenerating
A: damage resistance, heal wounds, sense surroundings 2, no regeneration
a: Heal Wounds, Minor Destruction, Lesser Servant of Makhleb, Renounce Religion


You were on level 15 of the Dungeon.
You worshipped Makhleb.
Makhleb was most pleased with you.
You visited 2 branches of the dungeon, and saw 16 of its levels.

You collected 1113 gold pieces.
You spent 312 gold pieces at shops.

Inventory:

Hand Weapons
 a - a +1 war axe (weapon)
 m - a +3 battleaxe
   (You took it off a death knight on level 14 of the Dungeon)
Armour
 e - a +2 pair of boots (worn)
   (You found it on level 1 of the Dungeon)
 j - a +1 cloak (worn)
   (You bought it in a shop on level 10 of the Dungeon)
 p - a +0 plate armour (worn)
   (You took it off an orc warrior on level 6 of the Dungeon)
 y - a +1 hat of see invisible (worn)
   (You found it on level 12 of the Dungeon)
 z - a +0 kite shield (worn)
 C - a +0 helmet
   (You bought it in a shop on level 10 of the Dungeon)
Jewellery
 c - a ring of protection from cold (left hand)
   (You found it on level 9 of the Dungeon)
Wands
 i - a wand of acid (4)
   (You found it on level 7 of the Dungeon)
 o - a wand of enslavement (14)
   (You found it on level 4 of the Dungeon)
 u - a wand of iceblast (8)
   (You found it on level 9 of the Dungeon)
Scrolls
 b - a scroll of immolation
 h - a scroll of enchant weapon
 l - a scroll of magic mapping
 r - a scroll of identify
 t - 3 scrolls of teleportation
 x - 2 scrolls of remove curse
Potions
 d - 3 potions of might
 f - 4 potions of lignification
 g - a potion of ambrosia
 k - a potion of berserk rage {unknown}
 n - 2 potions of resistance
 q - 4 potions of curing
 s - a potion of flight {unknown}
 v - a potion of stabbing {unknown}
 w - 4 potions of heal wounds
 A - a potion of haste {unknown}
 B - a potion of brilliance {unknown}
 E - 4 potions of magic
 I - a potion of mutation {unknown}
Miscellaneous
 F - a condenser vane (2/2)
   (You bought it in a shop on level 14 of the Dungeon)


   Skills:
 * Level 11.0 Fighting
 * Level 12.5 Axes
 + Level 9.5 Armour
 + Level 8.2 Dodging
 - Level 4.6 Shields
 + Level 9.9 Invocations
 + Level 7.7 Evocations


You had 11 spell levels left.
You didn't know any spells.
Your spell library was empty.

Dungeon Overview and Level Annotations

Branches:
Dungeon (15/15)            Temple (1/1) D:5            Lair (0/6) D:11
    Orc (0/2) D:12         Vaults (0/5) D:13
 Depths: D:15

Altars:
Ashenzari
Cheibriados
Dithmenos
Fedhas
Gozag
Hepliaklqana
Kikubaaqudgha
Makhleb
Nemelex Xobeh
Okawaru
Qazlal
Ru
Trog
Uskayaw
Vehumet
Wu Jian
Xom
Yredelemnul
Zin
The Shining One

Shops:
D:8 *   D:10 ?[[   D:14 *}

Portals:
Trove: D:15 (give 19 potions of curing)

Annotations:
D:4 2 transporters, 1 exclusion, Blork the orc; loralnil's ghost, amateur OpTm
D:13 3 runed translucent doors, Yraomukk's ghost, journeyman GnWn


Innate Abilities, Weirdness & Mutations

You are resistant to damage.
You can heal yourself by infusing magical energy.
You passively map the area around you.
You do not regenerate.


Message History

The gargoyle is lightly damaged.
You are too injured to fight recklessly!
You barely miss the gargoyle.
The gargoyle is lightly damaged.
You hit the cyclops. The gargoyle hits you with a +0 flail.
* * * LOW HITPOINT WARNING * * *
You are too injured to fight recklessly!
You hit the gargoyle but do no damage.
The gargoyle is lightly damaged.
Your shield and plate armour prevent you from hitting the cyclops.
The cyclops hits you!
* * * LOW HITPOINT WARNING * * *
You block the gargoyle's attack.
You are too injured to fight recklessly!
You barely miss the gargoyle.
The gargoyle is lightly damaged.
You slash the cyclops!
Your neqoxec gestures.
The gargoyle barely misses you. The cyclops hits you!!
You die...

...............# *
#......)#################
####......).(...............
*........<.).)((.............
....)...####+###########'###
..........(....# #.....#
.....######...5# #.'++.#
*..... #....# #.+∩+.# ....,
#@3..# #.+++.# ... ,* #9C..#
#.....# ... #5...# ####### *
#....# #.. #....# #.. ######
#.. #.. #.. ,....


You could see a cyclops, a gargoyle, a friendly neqoxec (summoned), a friendly
iron imp (summoned) and a friendly white imp (summoned).

Vanquished Creatures
  Josephine (D:12)
  A rakshasa (D:15)
  2 centaur warriors
  A dancing weapon (D:13)
  A death knight (D:14)
  4 skeletal warriors
  Pikel (D:9)
  A phantasmal warrior (D:14)
  A manticore (D:15)
  4 ugly things
  3 cyclopes
  A deep elf mage (D:15)
  Joseph (D:8)
  A gargoyle (D:14)
  A freezing wraith (D:15)
  3 hippogriffs
  2 trolls
  A vampire (D:10)
  7 wraiths
  A wyvern (D:9)
  A hog (shapeshifter) (D:14)
  Edmund (D:5)
  2 wargs (D:12)
  A water moccasin (D:8)
  A soldier ant (D:12)
  2 ice beasts
  A black bear (D:9)
  A necrophage (D:10)
  4 sky beasts
  8 orc warriors
  7 ogres
  6 centaurs
  2 crocodiles
  4 lemures (D:9)
  8 bullfrogs
  3 scorpions
  11 killer bees
  10 wights
  3 howler monkeys
  2 electric eels (D:10)
  2 bullfrog zombies
  2 centaur zombies
  A quasit (D:6)
  A bullfrog skeleton (D:6)
  8 orc priests
  A gnoll shaman (D:7)
  14 hounds
  2 jellies
  6 centaur skeletons
  2 iguanas
  19 orc wizards
  12 worker ants
  A hound zombie (D:6)
  A hound skeleton (D:7)
  15 adders
  3 gnolls (D:7)
  A howler monkey skeleton (D:8)
  4 shadow imps
  2 white imps
  An ooze (D:1)
  2 adder skeletons
  A worm (D:3)
  A dart slug (D:3)
  6 leopard geckos
  47 orcs
  4 giant cockroaches
  6 goblins
  4 hobgoblins
  11 jackals
  4 quokkas
  A quokka skeleton (D:4)
  A quokka zombie (D:5)
  5 rats
307 creatures vanquished.

Vanquished Creatures (collateral kills)
  2 hydras (D:14)
  2 two-headed ogres
  A dancing weapon (D:13)
  A skeletal warrior (D:13)
  An ugly thing (D:11)
  A cyclops (D:13)
  A gargoyle (D:11)
  A centaur skeleton (D:14)
  A troll (D:14)
  2 hornets
  3 yaks (D:13)
  A vampire (D:13)
  2 wraiths
  An acid dragon (D:14)
  An orc warrior (D:13)
  A sky beast (D:11)
  An ogre (D:14)
  3 wights (D:11)
  A jelly (D:14)
  An iguana (D:13)
  An orc wizard (D:13)
  2 worker ants
  5 orcs
36 creatures vanquished.

Vanquished Creatures (others)
  A slime creature (D:15)
1 creature vanquished.

Grand Total: 344 creatures vanquished

Notes
Turn   | Place    | Note
-------+----------+-------------------------------------------
     0 | D:1      | Flugslaktarn the Deep Dwarf Fighter began the quest for the
                  | Orb.
     0 | D:1      | Reached XP level 1. HP: 20/20 MP: 1/1
   207 | D:1      | Reached XP level 2. HP: 24/27 MP: 2/2
   235 | D:2      | Reached XP level 3. HP: 30/34 MP: 3/3
   283 | D:3      | Reached skill level 3 in Axes
   326 | D:3      | Found an ornate altar of the Wu Jian Council.
   588 | D:3      | Reached XP level 4. HP: 20/42 MP: 4/4
   684 | D:4      | Reached XP level 5. HP: 29/50 MP: 4/4
   694 | D:4      | Reached skill level 4 in Axes
   950 | D:4      | Found a hide-covered altar of Uskayaw.
   956 | D:4      | Found a transporter.
   956 | D:4      | Noticed loralnil's ghost (amateur OpTm)
   963 | D:4      | Found a transporter.
  1309 | D:4      | Noticed Blork the orc
  1418 | D:5      | Entered Level 5 of the Dungeon
  1436 | D:5      | Reached XP level 6. HP: 46/57 MP: 5/5
  1438 | D:5      | Found a staircase to the Ecumenical Temple.
  1466 | D:5      | Found a snail-covered altar of Cheibriados.
  1576 | D:5      | Found a shimmering altar of Xom.
  1580 | D:5      | Found a shadowy altar of Dithmenos.
  1662 | D:5      | Reached skill level 5 in Axes
  1775 | Temple   | Entered the Ecumenical Temple
  1920 | Temple   | Became a worshipper of Makhleb the Destroyer
  1996 | D:5      | Reached XP level 7. HP: 39/66 MP: 6/6
  2152 | D:5      | Noticed Edmund
  2179 | D:5      | Killed Edmund
  2179 | D:5      | Reached skill level 5 in Fighting
  2179 | D:5      | Reached skill level 1 in Dodging
  2179 | D:5      | Reached skill level 1 in Invocations
  2390 | D:6      | Reached skill level 5 in Armour
  2395 | D:6      | Reached skill level 6 in Axes
  2611 | D:6      | Reached XP level 8. HP: 41/75 MP: 8/8
  2698 | D:6      | Reached * piety under Makhleb
  3350 | D:7      | Reached skill level 7 in Axes
  3407 | D:7      | Noticed a troll
  3423 | D:7      | Killed a troll
  3603 | D:7      | Gained mutation: You passively map the area around you.
                  | [Deep Dwarf growth]
  3603 | D:7      | Reached XP level 9. HP: 50/85 MP: 10/10
  3912 | D:7      | Reached ** piety under Makhleb
  3969 | D:7      | Reached skill level 8 in Axes
  4131 | D:7      | Reached skill level 5 in Invocations
  4299 | D:8      | Found Zimah's Assorted Antiques.
  4438 | D:8      | Reached *** piety under Makhleb
  4438 | D:8      | Noticed Joseph
  4457 | D:8      | Killed Joseph
  4500 | D:8      | Reached XP level 10. HP: 48/96 MP: 8/8
  4535 | D:8      | Found a shimmering altar of Xom.
  4615 | D:8      | Found a broken altar of Ashenzari.
  4884 | D:9      | Reached skill level 9 in Axes
  4945 | D:9      | Found a radiant altar of Vehumet.
  4969 | D:9      | Found a shimmering altar of Xom.
  5022 | D:9      | Noticed Pikel
  5035 | D:9      | Reached skill level 5 in Dodging
  5035 | D:9      | Reached skill level 1 in Evocations
  5049 | D:9      | Killed Pikel
  5737 | D:10     | Entered Level 10 of the Dungeon
  6020 | D:10     | Found Reteipak's Armour Shoppe.
  6028 | D:10     | Bought a +0 helmet for 63 gold pieces
  6294 | D:10     | Found Rytekhla's Magic Scroll Shop.
  6321 | D:10     | Reached skill level 10 in Axes
  6393 | D:10     | Found Meadetav's Armour Shop.
  6397 | D:10     | Bought a +0 cloak for 49 gold pieces
  6517 | D:11     | Noticed a brown ugly thing
  6527 | D:11     | Killed a brown ugly thing
  6647 | D:11     | Found a staircase to the Lair.
  6658 | D:11     | Reached XP level 11. HP: 104/104 MP: 9/9
  6755 | D:11     | Reached **** piety under Makhleb
  6887 | D:11     | Noticed a brown ugly thing
  6898 | D:11     | Killed a brown ugly thing
  7411 | D:12     | Noticed a white ugly thing
  7415 | D:12     | Found a staircase to the Orcish Mines.
  7438 | D:12     | Killed a white ugly thing
  7595 | D:12     | Noticed a green ugly thing
  7633 | D:12     | Killed a green ugly thing
  7692 | D:12     | Reached skill level 5 in Evocations
  7983 | D:12     | Noticed Josephine
  7989 | D:12     | HP: 5/106 [Josephine/+0 dagger (3)]
  7999 | D:12     | Killed Josephine
  8010 | D:12     | Reached skill level 11 in Axes
  8251 | D:13     | Got a shimmering iron amulet
  8286 | D:13     | Noticed a red ugly thing
  8298 | D:13     | Killed a red ugly thing
  8352 | D:13     | Found a runed translucent gate.
  8352 | D:13     | Found a runed translucent gate.
  8352 | D:13     | Found a runed translucent gate.
  8352 | D:13     | Noticed Yraomukk's ghost (journeyman GnWn)
  8407 | D:13     | Noticed a +6 long sword
  8409 | D:13     | Noticed a +4 long sword
  8422 | D:13     | Killed a +6 long sword
  8422 | D:13     | Killed a +4 long sword
  8475 | D:13     | Found a gate to the Vaults.
  8493 | D:13     | Noticed a centaur warrior
  8506 | D:13     | Noticed a two-headed ogre
  8512 | D:13     | Killed a centaur warrior
  8512 | D:13     | Reached skill level 10 in Fighting
  8512 | D:13     | Reached XP level 12. HP: 38/116 MP: 7/7
  8522 | D:13     | Killed a two-headed ogre
  8922 | D:13     | Identified the amulet of Naruvi {Inacc rF+} (You found it
                  | on level 13 of the Dungeon)
  8951 | D:14     | Noticed a two-headed ogre
  8958 | D:14     | Killed a two-headed ogre
  9039 | D:14     | Found Axeoxuemp's General Store.
  9040 | D:14     | Noticed a six-headed hydra
  9052 | D:14     | Killed a six-headed hydra
  9052 | D:14     | Reached skill level 12 in Axes
  9054 | D:14     | Noticed a death knight
  9106 | D:14     | Killed a death knight
  9245 | D:14     | Noticed a six-headed hydra
  9270 | D:14     | Killed an eight-headed hydra
  9304 | D:14     | Found Luitoar's Gadget Shop.
  9322 | D:14     | Bought a condenser vane (2/2) for 200 gold pieces
  9644 | D:15     | Entered Level 15 of the Dungeon
  9715 | D:15     | Noticed a rakshasa
  9751 | D:15     | HP: 4/118 [rakshasa (illusionary)/lance of force (22)]
  9775 | D:15     | Killed a rakshasa
  9824 | D:15     | Found a portal to a secret trove of treasure.
  9836 | D:15     | Noticed a centaur warrior
  9850 | D:15     | Killed a centaur warrior
  9886 | D:15     | Slain by a cyclops

Illustrated notes

Levels and vault maps discovered:
D:1:      mrwooster_arrival_arrow, layout_basic
D:2:      layout_rooms, lemuel_crystal_altar, chequers_ecumenical_altar_grove,
          kennysheep_generic_room_3
D:3:      layout_basic, lemuel_doored_altar, serial_curves, eino_curves_03,
          eino_curves_03
D:4:      layout_basic, tgw_sif, overflow_temple_1_default,
          gammafunk_ghost_mausoleum
D:5:      cheibrodos_quashed, layout_basic, old_standard_altar,
          overflow_temple_1_default, temple_statues, basic_altar,
          kennysheep_nondescript, uniq_edmund
D:6:      layout_layer_cave
D:7:      cheibrodos_iron_armory, layout_basic
D:8:      layout_rooms, kennysheep_little_box, lemuel_coloured_pillars_altar,
          serial_shops, shop, st_stairs_13, uniq_joseph
D:9:      layout_basic, vehumet_altar_wand_db, basic_altar, serial_curves,
          eino_curves_01, eino_curves_02, uniq_pikel
D:10:     layout_roguey, serial_shops, shop, nicolae_shop_statue_plus, shop,
          nrook_pool_corridor
D:11:     layout_gridville, lair_entry_dummy
D:12:     layout_basic, erik_orc_3, uniq_josephine
D:13:     layout_gridville, erik_vaults_1, gammafunk_ghost_nasty_kobolds
D:14:     layout_cave_pools, chequers_serial_rivers_micro_d, serial_shops, shop,
          shop, chequers_serial_rivers_micro_b
D:15:     hangedman_depths_entry_try_elsewhere_first, layout_basic,
          enter_trove_6, drop_trap, st_stairs_14
Temple:   oiseaux_autumnal_temple

Skill      XL: |  1  2  3  4  5  6  7  8  9 10 11 12 |
---------------+-------------------------------------+-----
Fighting       | 3 4 5 6 7 8 10 11 | 11.0
Axes           | 3 4 5 6 7 8 10 11 12 | 12.5
Shields        | 4 |  4.6
Armour         | 4 5 6 7 8 9 |  9.5
Dodging        | 2 3 4 5 7 8 |  8.2
Invocations    | 2 4 5 7 8 9 |  9.9
Evocations     | 3 6 7 |  7.7

Action                   |  1- 3 |  4- 6 |  7- 9 | 10-12 || total
-------------------------+-------+-------+-------+-------++-------
Melee: War axe           |    73 |   111 |   455 |   873 ||  1512
Invok: Lesser Servant of |       |       |       |    20 ||    20
 Abil: Heal Wounds       |       |     2 |    17 |    59 ||    78
Evoke: Wand              |       |       |       |    17 ||    17
  Use: Scroll            |       |       |    12 |    11 ||    23
       Potion            |       |       |       |     3 ||     3
 Stab: Distracted        |       |       |       |     8 ||     8
       Paralysed         |       |       |       |     5 ||     5
Armor: Scale mail        |    35 |    52 |    32 |       ||   119
       Plate armour      |       |       |   307 |   578 ||   885
Dodge: Dodged            |    17 |    39 |   142 |   305 ||   503
Block: Kite shield       |    34 |    51 |   339 |   527 ||   951

Table legend: (Time is in decaauts)
 A = Elapsed time spent in this place.
 B = Non-inter-level travel time spent in this place.
 C = Inter-level travel time spent in this place.
 D = Time resting spent in this place.
 E = Time spent auto-exploring this place.
 F = Levels seen in this place.
 G = Mean time per level.
                   A        B        C        D        E       F      G
               +--------+--------+--------+--------+--------+-----+--------+
         Total |  10172 |   9824 |    348 |    117 |   6859 |  16 |  635.8 |
       Dungeon |  10004 |   9679 |    325 |    117 |   6717 |  15 |  666.9 |
        Temple |    167 |    144 |     23 |      0 |    142 |   1 |  167.0 |
               +--------+--------+--------+--------+--------+-----+--------+

Top non-repeatable levels by time:
     D:6: 1055 daAuts
    D:12: 1008 daAuts
     D:7: 1000 daAuts
     D:9: 985 daAuts
     D:4: 823 daAuts
    D:11: 814 daAuts
    D:10: 790 daAuts
     D:5: 766 daAuts
    D:14: 698 daAuts
    D:13: 691 daAuts
     D:8: 485 daAuts
     D:3: 389 daAuts
    D:15: 239 daAuts
     D:1: 235 daAuts
  Temple: 167 daAuts
